[Event "VIII Iberoamericano Mexico 2022"]
[Site "Mexico City"]
[Date "2022.02.17"]
[Round "6.26"]
[White "Sanchez Enriquez, Oscar Gerardo"]
[Black "Rosales Campos, Paul"]
[Result "1/2-1/2"]
[ECO "D30"]
[WhiteElo "2305"]
[BlackElo "2039"]
[Annotator "NA"]
[PlyCount "70"]
[EventDate "2022.02.12"]
[EventType "swiss"]
[EventCountry "MEX"]
[SourceTitle "playchess.com"]
[Source "ChessBase"]
[SourceQuality "1"]
[TimeControl "5400+30"]

1. d4 d5 2. Nf3 e6 3. c4 Nf6 4. e3 a6 5. b3 c5 6. Bd3 Nc6 7. Bb2 cxd4 8. exd4 Bd6 9. O-O O-O 10. Nbd2 b6 11. Qe2 Bb7 12. Rad1 Qc7 13. Ne5 Rad8 14. f4 Rfe8 15. Ndf3 Ne4 16. Ng5 Nxg5 17. fxg5 Nxe5 18. dxe5 Bc5+ 19. Kh1 dxc4 20. bxc4 Qe7 21. Bc1 Rd7 22. Be4 Bxe4 23. Qxe4 Red8 24. Qf3 a5 25. a4 g6 26. h4 Rd4 27. g3 Rxd1 28. Rxd1 Rxd1+ 29. Qxd1 Qb7+ 30. Kh2 Qe4 31. Qd8+ Kg7 32. Qf6+ Kg8 33. Qd8+ Kg7 34. Qf6+ Kg8 35. Qd8+ Kg7 1/2-1/2

[Event "VIII Iberoamericano Mexico 2022"]
[Site "Mexico City"]
[Date "2022.02.17"]
[Round "6.27"]
[White "Fernandez Sanchez, Mario Andres"]
[Black "Herrera Ortiz, Miguel"]
[Result "1/2-1/2"]
[ECO "D02"]
[WhiteElo "2093"]
[BlackElo "2297"]
[Annotator "NA"]
[PlyCount "109"]
[EventDate "2022.02.12"]
[EventType "swiss"]
[EventCountry "MEX"]
[SourceTitle "playchess.com"]
[Source "ChessBase"]
[SourceQuality "1"]
[TimeControl "5400+30"]

1. d4 d5 2. Bf4 Nf6 3. e3 e6 4. Nf3 Bd6 5. Bg3 O-O 6. Nbd2 b6 7. c3 c5 8. Ne5 Bb7 9. Bd3 Nc6 10. O-O Qc7 11. f4 Ne7 12. Bh4 Ne4 13. Bxe7 Qxe7 14. Qc2 Nxd2 15. Qxd2 f6 16. Qc2 g6 17. Nf3 Rac8 18. Nh4 Rf7 19. Rae1 Rg7 20. Qe2 c4 21. Bc2 e5 22. fxe5 fxe5 23. dxe5 Qxe5 24. Nf3 Qh5 25. e4 Re7 26. e5 Bc7 27. Qf2 Rf8 28. Qd4 g5 29. h3 Rf4 30. Qd2 h6 31. Bd1 Qe8 32. Bc2 b5 33. Nd4 Rxe5 34. Nf5 Qf8 35. Rxf4 gxf4 36. Rxe5 Bxe5 37. Qe2 Qf6 38. Nxh6+ Qxh6 39. Qxe5 Bc6 40. Bf5 f3 41. Qg3+ Kf8 42. Qxf3 Ke7 43. Kf2 d4 44. Qg3 Qd2+ 45. Kg1 d3 46. Qc7+ Kf8 47. Qc8+ Kf7 48. Qc7+ Kf8 49. Qc8+ Kf7 50. Qe6+ Kg7 51. Qg6+ Kf8 52. Qf6+ Kg8 53. Qg6+ Kf8 54. Qf6+ Kg8 55. Qg6+ 1/2-1/2

[Event "VIII Iberoamericano Mexico 2022"]
[Site "Mexico City"]
[Date "2022.02.17"]
[Round "6.28"]
[White "Ortiz Verdezoto, Anahi"]
[Black "Medina Diaz, Rafael Alejandro"]
[Result "1/2-1/2"]
[ECO "D10"]
[WhiteElo "2047"]
[BlackElo "2287"]
[Annotator "NA"]
[PlyCount "123"]
[EventDate "2022.02.12"]
[EventType "swiss"]
[EventCountry "MEX"]
[SourceTitle "playchess.com"]
[Source "ChessBase"]
[SourceQuality "1"]
[TimeControl "5400+30"]

1. d4 d5 2. c4 c6 3. cxd5 cxd5 4. Bf4 Nc6 5. e3 Bf5 6. Nc3 Nf6 7. Qb3 Na5 8. Qa4+ Bd7 9. Qc2 Nc6 10. a3 e6 11. Nf3 Be7 12. Bd3 O-O 13. O-O Rc8 14. Rac1 h6 15. h3 Nh5 16. Bh2 f5 17. Qe2 Nf6 18. Ne5 Nxe5 19. Bxe5 Ne4 20. Nxe4 fxe4 21. Bb5 Bf6 22. Bg3 a6 23. Bxd7 Qxd7 24. Qg4 Rxc1 25. Rxc1 Rc8 26. Rf1 Qf7 27. Qd1 Rc6 28. Kh2 Kh7 29. Qb1 Qg6 30. Rc1 Qe8 31. f3 Rxc1 32. Qxc1 Qb5 33. fxe4 dxe4 34. Qc8 Qb3 35. Bf4 Qd5 36. Qc7 Kg6 37. Qc8 Kh7 38. Qc7 Qb5 39. Qf7 Qd5 40. b4 h5 41. a4 b5 42. a5 h4 43. Qe8 Qf5 44. Qf7 Qd5 45. Kh1 Qc6 46. Qh5+ Kg8 47. Qg6 Kf8 48. Qh7 Kf7 49. Qh5+ Kg8 50. Qg6 Kf8 51. Qh7 Kf7 52. Qh8 Qc1+ 53. Kh2 Bxd4 54. Qh5+ Ke7 55. Qg6 Bf6 56. Qxe4 Qc8 57. Be5 Qc4 58. Qb7+ Ke8 59. Bd6 Qd5 60. Qxa6 Be5+ 61. Bxe5 Qxe5+ 62. Kh1 1/2-1/2

[Event "VIII Iberoamericano Mexico 2022"]
[Site "Mexico City"]
[Date "2022.02.17"]
[Round "6.29"]
[White "Zarate Manjarrez, Alfredo"]
[Black "Miranda Llanes, Yerisbel"]
[Result "0-1"]
[ECO "C26"]
[WhiteElo "2026"]
[BlackElo "2261"]
[Annotator "NA"]
[PlyCount "110"]
[EventDate "2022.02.12"]
[EventType "swiss"]
[EventCountry "MEX"]
[SourceTitle "playchess.com"]
[Source "ChessBase"]
[SourceQuality "1"]
[TimeControl "5400+30"]

1. e4 e5 2. Nc3 Nf6 3. g3 d5 4. exd5 Nxd5 5. Bg2 Nxc3 6. bxc3 Bc5 7. Ne2 Nc6 8. d3 O-O 9. O-O Bg4 10. Be3 Bb6 11. h3 Bh5 12. Kh2 f5 13. Qd2 f4 14. Bxb6 axb6 15. Be4 Ra4 16. f3 Ne7 17. gxf4 exf4 18. d4 Bf7 19. Rg1 Be6 20. Rg5 h6 21. Re5 Qd6 22. Rg1 Bxa2 23. Nxf4 Ra5 24. Ne6 Bxe6 25. Qxh6 Rf7 26. Qxe6 Qxe6 27. Rxe6 Nd5 28. Re8+ Rf8 29. Bh7+ Kf7 30. Bg6+ Kg8 31. Rxf8+ Kxf8 32. Re1 Ne7 33. Bd3 Ra3 34. c4 Kf7 35. Kg3 Nc6 36. Re4 Nb4 37. Rf4+ Ke6 38. Bf5+ Kf6 39. Be4+ Ke6 40. Rg4 Kf7 41. Kf4 Rc3 42. Kg5 Nxc2 43. Bxb7 Ne3 44. Rf4+ Ke6 45. Kg6 Nxc4 46. Kxg7 Nd6 47. Rf6+ Ke7 48. Rxd6 Kxd6 49. Be4 Rc1 50. f4 Re1 51. Bg6 Rh1 52. f5 Rxh3 53. Bf7 Rh4 54. f6 Rxd4 55. Bb3 Rf4 0-1

[Event "VIII Iberoamericano Mexico 2022"]
[Site "Mexico City"]
[Date "2022.02.17"]
[Round "6.30"]
[White "Estrada Nieto, Julian"]
[Black "Jorajuria Mendoza, Algol"]
[Result "1-0"]
[ECO "B31"]
[WhiteElo "2253"]
[BlackElo "2006"]
[Annotator "NA"]
[PlyCount "84"]
[EventDate "2022.02.12"]
[EventType "swiss"]
[EventCountry "MEX"]
[SourceTitle "playchess.com"]
[Source "ChessBase"]
[SourceQuality "1"]
[TimeControl "5400+30"]

1. e4 c5 2. Nf3 Nc6 3. Bb5 g6 4. Bxc6 dxc6 5. d3 Bg7 6. h3 Nf6 7. Nc3 Nd7 8. Be3 e5 9. Qd2 h6 10. O-O b6 11. Nh2 Nf8 12. f4 exf4 13. Rxf4 g5 14. Rf2 Be6 15. a4 Qd6 16. Nf3 Ng6 17. d4 Rd8 18. dxc5 Qg3 19. Qe1 Ne5 20. Ne2 Nxf3+ 21. Rxf3 Qxe1+ 22. Rxe1 bxc5 23. Bxc5 Bxb2 24. Rb1 Be5 25. Rd3 Bc4 26. Rxd8+ Kxd8 27. Nd4 Kc7 28. Bxa7 Re8 29. Nf5 Bf4 30. Bb6+ Kc8 31. g3 Bb8 32. Re1 Bd5 33. Kf2 Rxe4 34. Rxe4 Bxe4 35. Nxh6 f5 36. c3 Bd6 37. Nf7 Be7 38. Be3 g4 39. h4 Kd7 40. Ne5+ Kd6 41. Ng6 Bf6 42. Bd4 Kd5 1-0

[Event "VIII Iberoamericano Mexico 2022"]
[Site "Mexico City"]
[Date "2022.02.17"]
[Round "6.31"]
[White "Frey Beckman, Kenneth"]
[Black "Arvizu Borchardt, David Ivan"]
[Result "1/2-1/2"]
[ECO "D27"]
[WhiteElo "2242"]
[BlackElo "1987"]
[Annotator "NA"]
[PlyCount "38"]
[EventDate "2022.02.12"]
[EventType "swiss"]
[EventCountry "MEX"]
[SourceTitle "playchess.com"]
[Source "ChessBase"]
[SourceQuality "1"]
[TimeControl "5400+30"]

1. Nf3 d5 2. d4 Nf6 3. c4 dxc4 4. e3 e6 5. Bxc4 c5 6. O-O a6 7. Bb3 Nc6 8. Nc3 cxd4 9. exd4 Be7 10. Re1 O-O 11. Bg5 b5 12. Qd3 Bb7 13. Rad1 Nb4 14. Qd2 Bxf3 15. gxf3 Nbd5 16. Nxd5 Nxd5 17. Bxe7 Nxe7 18. d5 Nxd5 19. Bxd5 exd5 1/2-1/2

[Event "VIII Iberoamericano Mexico 2022"]
[Site "Mexico City"]
[Date "2022.02.17"]
[Round "6.32"]
[White "Tapie Amione, Pablo Adib"]
[Black "Benito De Leo, Estefania"]
[Result "1-0"]
[ECO "C88"]
[WhiteElo "2241"]
[BlackElo "1657"]
[Annotator "NA"]
[PlyCount "85"]
[EventDate "2022.02.12"]
[EventType "swiss"]
[EventCountry "MEX"]
[SourceTitle "playchess.com"]
[Source "ChessBase"]
[SourceQuality "1"]
[TimeControl "5400+30"]

1. e4 e5 2. Nf3 Nc6 3. Bb5 a6 4. Ba4 Nf6 5. O-O Be7 6. Re1 b5 7. Bb3 O-O 8. a4 b4 9. a5 d6 10. d3 Rb8 11. Nbd2 Re8 12. c3 Bf8 13. d4 bxc3 14. bxc3 d5 15. exd5 Nxd5 16. Bxd5 Qxd5 17. c4 Qd8 18. d5 Nb4 19. Ba3 f6 20. Ne4 Bf5 21. Ng3 Bc2 22. Qd2 Bg6 23. Nh4 Bf7 24. Reb1 Nc6 25. Rxb8 Nxb8 26. Bxf8 Rxf8 27. Ngf5 c6 28. Qb4 cxd5 29. cxd5 Kh8 30. Rd1 Nd7 31. h3 g6 32. Ne7 Qb8 33. Qa3 Qb5 34. Qd6 Qa4 35. Rc1 Qxh4 36. Qxd7 Qb4 37. Qc7 Re8 38. d6 Be6 39. Nc6 Qa3 40. Nd8 Qb2 41. Nxe6 Rxe6 42. d7 Kg7 43. d8=N+ 1-0

[Event "VIII Iberoamericano Mexico 2022"]
[Site "Mexico City"]
[Date "2022.02.17"]
[Round "6.33"]
[White "Guerrero Rodriguez, Alejandra"]
[Black "Miranda Rodriguez, Tania"]
[Result "0-1"]
[ECO "C78"]
[WhiteElo "2019"]
[BlackElo "2174"]
[Annotator "NA"]
[PlyCount "50"]
[EventDate "2022.02.12"]
[EventType "swiss"]
[EventCountry "MEX"]
[SourceTitle "playchess.com"]
[Source "ChessBase"]
[SourceQuality "1"]
[TimeControl "5400+30"]

1. e4 e5 2. Nf3 Nc6 3. Bb5 a6 4. Ba4 Nf6 5. O-O b5 6. Bb3 Bc5 7. a4 Rb8 8. Nxe5 Nxe5 9. d4 Bxd4 10. Qxd4 d6 11. f4 c5 12. Qd1 Neg4 13. e5 c4 14. a5 Ne4 15. Qd4 d5 16. Ba2 Qh4 17. h3 h5 18. Nc3 Ng3 19. Bd2 b4 20. Qxd5 bxc3 21. Qc6+ Bd7 22. Qd6 Rc8 23. Be1 Rh6 24. Qb4 Ne2+ 25. Kh1 Qxh3+ 0-1

[Event "VIII Iberoamericano Mexico 2022"]
[Site "Mexico City"]
[Date "2022.02.17"]
[Round "6.34"]
[White "Zaragoza Alanis, Miguel Arnulfo"]
[Black "Gongora Montes, Benjamin"]
[Result "1/2-1/2"]
[ECO "C55"]
[WhiteElo "1342"]
[BlackElo "2157"]
[Annotator "NA"]
[PlyCount "82"]
[EventDate "2022.02.12"]
[EventType "swiss"]
[EventCountry "MEX"]
[SourceTitle "playchess.com"]
[Source "ChessBase"]
[SourceQuality "1"]
[TimeControl "5400+30"]

1. e4 e5 2. Nf3 Nc6 3. Bc4 Nf6 4. d3 h6 5. O-O d6 6. Re1 g5 7. Nc3 Bg4 8. Ne2 Bxf3 9. gxf3 Qd7 10. Ng3 Ne7 11. Kf1 Qh3+ 12. Ke2 Ng6 13. Be3 d5 14. exd5 O-O-O 15. c3 Nxd5 16. Bxd5 Rxd5 17. Qa4 Bc5 18. Qg4+ Qxg4 19. fxg4 Be7 20. Nf5 f6 21. Rh1 Rhd8 22. Rad1 Bf8 23. a3 a5 24. b4 axb4 25. axb4 b6 26. d4 exd4 27. Rxd4 Ne5 28. h3 Nc6 29. Rxd5 Rxd5 30. Rd1 Rxd1 31. Kxd1 Kd7 32. f4 Ke6 33. Kd2 Kd5 34. Kd3 b5 35. Bd2 Bd6 36. Ne3+ Ke6 37. f5+ Ke5 38. Ng2 Kd5 39. Ne3+ Ke5 40. Ng2 Kd5 41. Ne3+ Ke5 1/2-1/2

[Event "VIII Iberoamericano Mexico 2022"]
[Site "Mexico City"]
[Date "2022.02.17"]
[Round "6.35"]
[White "Corrales Jimenez, Zenia"]
[Black "Nava Ruiz, Miguel Angel"]
[Result "1-0"]
[ECO "B15"]
[WhiteElo "2151"]
[BlackElo "1696"]
[Annotator "NA"]
[PlyCount "131"]
[EventDate "2022.02.12"]
[EventType "swiss"]
[EventCountry "MEX"]
[SourceTitle "playchess.com"]
[Source "ChessBase"]
[SourceQuality "1"]
[TimeControl "5400+30"]

1. e4 c6 2. d4 d5 3. Nc3 dxe4 4. Nxe4 Nf6 5. Ng3 g6 6. Nf3 Bg7 7. Bc4 c5 8. c3 cxd4 9. Nxd4 O-O 10. O-O Qc7 11. Qb3 Nc6 12. Nxc6 Qxc6 13. Be3 b6 14. Be2 Be6 15. c4 Rac8 16. Rac1 Ng4 17. Bg5 Qc5 18. Bd2 Rfd8 19. Bb4 Qc7 20. Qa3 a5 21. Bc3 Ne5 22. b3 Nc6 23. Bxg7 Kxg7 24. c5 Bd5 25. Qb2+ Kg8 26. Ba6 Rb8 27. cxb6 Qxb6 28. Bc4 a4 29. Bxd5 Rxd5 30. Qc3 Nb4 31. bxa4 Nxa2 32. Qc4 Qb3 33. Qxb3 Rxb3 34. Rc7 Re5 35. Rc2 Nb4 36. Rc8+ Kg7 37. Rb8 Ra5 38. Ne4 Rb2 39. Nc3 Rc5 40. Nd1 Rb1 41. Ne3 Rcc1 42. g3 Kf6 43. Kg2 Rxf1 44. Nxf1 Rb2 45. a5 Nd3 46. Rxb2 Nxb2 47. Nd2 Na4 48. Ne4+ Kf5 49. Kf3 h6 50. Ke3 Ke5 51. g4 Kd5 52. h4 Kc6 53. h5 gxh5 54. gxh5 Nc5 55. Ng5 Nd7 56. Nxf7 Nf6 57. Nxh6 Nxh5 58. Nf5 Kb5 59. Nxe7 Kxa5 60. Ke4 Kb5 61. Ke5 Kc4 62. Nd5 Kc5 63. Nf4 Ng7 64. Ne6+ Nxe6 65. Kxe6 Kd4 66. f4 1-0

[Event "VIII Iberoamericano Mexico 2022"]
[Site "Mexico City"]
[Date "2022.02.17"]
[Round "6.36"]
[White "Montes Orozco, Miguel Angel"]
[Black "Flores Guerrero, Jesus Aldair"]
[Result "1/2-1/2"]
[ECO "E16"]
[WhiteElo "1914"]
[BlackElo "2251"]
[Annotator "NA"]
[PlyCount "67"]
[EventDate "2022.02.12"]
[EventType "swiss"]
[EventCountry "MEX"]
[SourceTitle "playchess.com"]
[Source "ChessBase"]
[SourceQuality "1"]
[TimeControl "5400+30"]

1. d4 Nf6 2. c4 e6 3. Nf3 b6 4. g3 Bb7 5. Bg2 Bb4+ 6. Nbd2 O-O 7. O-O Qc8 8. a3 Bxd2 9. Bxd2 Ne4 10. Bf4 f5 11. d5 d6 12. Ng5 Nxg5 13. Bxg5 e5 14. Bd2 Nd7 15. f4 e4 16. g4 Nf6 17. g5 Ne8 18. Rc1 c6 19. dxc6 Qxc6 20. e3 Rf7 21. b4 d5 22. cxd5 Qxd5 23. Bc3 Qe6 24. Be5 Bd5 25. Qd4 Bb3 26. Rf2 Rd7 27. Qb2 Bc4 28. Rd2 Rad8 29. Rcd1 Kf7 30. Rxd7+ Rxd7 31. Rd4 Rd5 32. Qc3 b5 33. Bf1 Rxd4 34. Qxd4 1/2-1/2

[Event "VIII Iberoamericano Mexico 2022"]
[Site "Mexico City"]
[Date "2022.02.17"]
[Round "6.37"]
[White "Garcia Guerrero, Isaac Antonio"]
[Black "Cortes Rodriguez, Marco"]
[Result "1-0"]
[ECO "A45"]
[WhiteElo "2338"]
[BlackElo "2001"]
[Annotator "NA"]
[PlyCount "68"]
[EventDate "2022.02.12"]
[EventType "swiss"]
[EventCountry "MEX"]
[SourceTitle "playchess.com"]
[Source "ChessBase"]
[SourceQuality "1"]
[TimeControl "5400+30"]

1. d4 Nf6 2. Bg5 c5 3. Nc3 cxd4 4. Qxd4 Nc6 5. Qh4 d6 6. e4 h6 7. O-O-O Qa5 8. Bxf6 gxf6 9. f4 Rg8 10. f5 Ne5 11. Nf3 Bd7 12. Nxe5 fxe5 13. Bc4 Rc8 14. Bb3 Rxc3 15. bxc3 Qxc3 16. Kb1 a5 17. Rd3 Qb4 18. a3 Qb6 19. Qh5 Rg7 20. Rg3 e6 21. a4 Rxg3 22. hxg3 Qb4 23. Ka2 d5 24. fxe6 Qa3+ 25. Kb1 Bxe6 26. exd5 Bd7 27. Qxe5+ Kd8 28. Rf1 f5 29. g4 Bd6 30. Qf6+ Kc7 31. Qc3+ Kb8 32. gxf5 Bxa4 33. Qa1 Bxb3 34. Qxa3 Bxc2+ 1-0

[Event "VIII Iberoamericano Mexico 2022"]
[Site "Mexico City"]
[Date "2022.02.17"]
[Round "6.38"]
[White "Amezcua Luria, Jesus"]
[Black "Blanco Fernandez, Alvaro"]
[Result "0-1"]
[ECO "A40"]
[WhiteElo "2001"]
[BlackElo "2216"]
[Annotator "NA"]
[PlyCount "64"]
[EventDate "2022.02.12"]
[EventType "swiss"]
[EventCountry "MEX"]
[SourceTitle "playchess.com"]
[Source "ChessBase"]
[SourceQuality "1"]
[TimeControl "5400+30"]

1. d4 e6 2. c4 b6 3. Nc3 Bb7 4. Nf3 f5 5. g3 Bxf3 6. exf3 Nf6 7. Bg2 d5 8. O-O c6 9. Re1 Kf7 10. Qa4 Bd6 11. Bg5 Qd7 12. Bxf6 Kxf6 13. f4 a6 14. Qb3 Ra7 15. cxd5 cxd5 16. Nxd5+ exd5 17. Bxd5 g6 18. Qxb6 Rd8 19. Rac1 Rc7 20. Rcd1 Kg7 21. Re6 Nc6 22. Rde1 Nb4 23. Bf3 Bf8 24. h4 Nc2 25. Rd1 Nxd4 26. Kg2 Bc5 27. Qa5 Qc8 28. Rxa6 Nxf3 29. Rxd8 Qxd8 30. Qc3+ Nd4 31. Qc4 Bb6 32. Qf1 Qd5+ 0-1

[Event "VIII Iberoamericano Mexico 2022"]
[Site "Mexico City"]
[Date "2022.02.17"]
[Round "6.39"]
[White "Hernandez Jimenez, Alexander Andres"]
[Black "Castellanos Hernandez, Emilio Au"]
[Result "1-0"]
[ECO "C01"]
[WhiteElo "2167"]
[BlackElo "1939"]
[Annotator "NA"]
[PlyCount "63"]
[EventDate "2022.02.12"]
[EventType "swiss"]
[EventCountry "MEX"]
[SourceTitle "playchess.com"]
[Source "ChessBase"]
[SourceQuality "1"]
[TimeControl "5400+30"]

1. e4 e6 2. d4 d5 3. exd5 exd5 4. Bd3 Nc6 5. c3 Bd6 6. Qf3 Be6 7. Ne2 Nf6 8. h3 h6 9. Bf4 Qe7 10. Bxd6 Qxd6 11. Nd2 Ne7 12. O-O O-O 13. Ng3 Qb6 14. Nb3 Rae8 15. Nc5 Bc8 16. b4 Qd6 17. Rfe1 Nc6 18. Nf5 Rxe1+ 19. Rxe1 Bxf5 20. Qxf5 g6 21. Qf3 Nd8 22. Bc2 b6 23. Nd3 Kg7 24. Nf4 a5 25. a3 Nb7 26. Re5 c6 27. Qe3 Nd8 28. Qg3 Nd7 29. Re6 Qxf4 30. Rxg6+ Kh8 31. Qxf4 fxg6 32. Qxh6+ 1-0

[Event "VIII Iberoamericano Mexico 2022"]
[Site "Mexico City"]
[Date "2022.02.17"]
[Round "6.40"]
[White "Zacarias Rodriguez, Santiago"]
[Black "Alfaro, William"]
[Result "1/2-1/2"]
[ECO "B15"]
[WhiteElo "1896"]
[BlackElo "2143"]
[Annotator "NA"]
[PlyCount "109"]
[EventDate "2022.02.12"]
[EventType "swiss"]
[EventCountry "MEX"]
[SourceTitle "playchess.com"]
[Source "ChessBase"]
[SourceQuality "1"]
[TimeControl "5400+30"]

1. e4 g6 2. d4 Bg7 3. Nf3 c6 4. Nc3 d5 5. h3 dxe4 6. Nxe4 Nd7 7. Bd3 Ngf6 8. Nxf6+ Nxf6 9. O-O O-O 10. Re1 Re8 11. Bf4 Qb6 12. Qc1 Be6 13. c4 Rad8 14. Qd2 Qa6 15. Qc2 b5 16. b3 Qb7 17. Qe2 Bf5 18. Bxf5 gxf5 19. Be5 Kh8 20. Ng5 e6 21. Qe3 Qe7 22. Rac1 h6 23. Nf3 Kh7 24. Bxf6 Bxf6 25. cxb5 cxb5 26. Rcd1 Rd5 27. Qf4 Red8 28. Re2 R8d7 29. Red2 Qd8 30. h4 Qg8 31. Kf1 Qg4 32. Qe3 b4 33. Ne5 Bxe5 34. dxe5 Rxd2 35. Rxd2 Rxd2 36. Qxd2 Qxh4 37. Qd7 Kg7 38. Qxa7 Qh1+ 39. Ke2 Qxg2 40. Qc5 Qe4+ 41. Kf1 h5 42. Qe7 Qxe5 43. Qg5+ Kf8 44. Qd8+ Kg7 45. Qg5+ Kh7 46. Qxh5+ Kg7 47. Qg5+ Kh7 48. Qh5+ Kg8 49. Qg5+ Kf8 50. Qd8+ Kg7 51. Qg5+ Kf8 52. Qd8+ Kg7 53. Qg5+ Kh7 54. Qh5+ Kg7 55. Qh4 1/2-1/2

[Event "VIII Iberoamericano Mexico 2022"]
[Site "Mexico City"]
[Date "2022.02.17"]
[Round "6.41"]
[White "Pla, Silvio"]
[Black "Ortez, Andrea"]
[Result "1-0"]
[ECO "D02"]
[WhiteElo "2113"]
[BlackElo "1913"]
[Annotator "NA"]
[PlyCount "105"]
[EventDate "2022.02.12"]
[EventType "swiss"]
[EventCountry "MEX"]
[SourceTitle "playchess.com"]
[Source "ChessBase"]
[SourceQuality "1"]
[TimeControl "5400+30"]

1. d4 d5 2. Bf4 Nf6 3. e3 c5 4. Nf3 Nc6 5. Nbd2 cxd4 6. exd4 Qb6 7. Nb3 Bf5 8. c3 e6 9. a4 a6 10. a5 Qd8 11. Bd3 Bxd3 12. Qxd3 Bd6 13. Bxd6 Qxd6 14. O-O O-O 15. Rfe1 Ne4 16. Nfd2 f5 17. f3 Nxd2 18. Qxd2 e5 19. dxe5 Nxe5 20. Qd4 Nc4 21. Nc5 Rae8 22. Nxb7 Qc6 23. b3 Ne3 24. Rxe3 Rxe3 25. Qxe3 Qxb7 26. Qe6+ Kh8 27. b4 Qb5 28. Rd1 Qc4 29. Qxd5 Qxc3 30. Qc5 Qf6 31. Qd6 h6 32. Qxf6 Rxf6 33. Rd8+ Kh7 34. Rb8 Rc6 35. h4 h5 36. Kh2 f4 37. Rb6 Rc4 38. b5 Rc5 39. bxa6 Rxa5 40. g4 fxg3+ 41. Kxg3 Ra4 42. Rc6 Ra5 43. f4 Ra3+ 44. Kf2 Ra4 45. Kf3 Ra5 46. Ke4 Ra4+ 47. Ke5 Kg8 48. Kd6 Kh7 49. Kc7 Rxf4 50. a7 Ra4 51. Kb7 Rxh4 52. a8=Q Rf4 53. Qe8 1-0

[Event "VIII Iberoamericano Mexico 2022"]
[Site "Mexico City"]
[Date "2022.02.17"]
[Round "6.42"]
[White "Limon Olmos, Ivan Alonso"]
[Black "Flores Irurso, Paul Josue"]
[Result "1/2-1/2"]
[ECO "E92"]
[WhiteElo "2106"]
[BlackElo "1912"]
[Annotator "NA"]
[PlyCount "146"]
[EventDate "2022.02.12"]
[EventType "swiss"]
[EventCountry "MEX"]
[SourceTitle "playchess.com"]
[Source "ChessBase"]
[SourceQuality "1"]
[TimeControl "5400+30"]

1. d4 Nf6 2. Nf3 g6 3. c4 Bg7 4. Nc3 O-O 5. e4 d6 6. Be2 e5 7. dxe5 dxe5 8. Qc2 Nc6 9. Bg5 Bg4 10. Rd1 Qc8 11. Be3 Bxf3 12. Bxf3 Ng4 13. Bc5 Re8 14. h3 Nf6 15. O-O h5 16. Be3 Nh7 17. Ne2 Nf8 18. a3 a5 19. c5 Ne6 20. Rfe1 Ra6 21. Qc4 Ncd4 22. Nxd4 exd4 23. Bc1 a4 24. e5 c6 25. Qc2 Ra5 26. Bd2 Rxc5 27. Qxa4 Rxe5 28. Rf1 Ng5 29. Bxg5 Rxg5 30. Kh1 Qc7 31. Rfe1 Rge5 32. Rxe5 Qxe5 33. Qb3 Qa5 34. Kh2 Qc7+ 35. Kg1 Be5 36. Qd3 c5 37. Bd5 Kg7 38. a4 b6 39. b3 Qd6 40. Qf3 Bf6 41. Bc4 Re7 42. Kh1 Qc7 43. Kg1 Re5 44. Bd3 Qe7 45. Kf1 Bg5 46. Kg1 Re6 47. Rf1 Rf6 48. Qe4 Qxe4 49. Bxe4 Re6 50. Bd3 Bd2 51. Rd1 Bc3 52. Kf1 f5 53. Kg1 f4 54. Kf1 Kf6 55. Be2 Kg5 56. Rd3 Re4 57. Rd1 Re7 58. Rd3 Kf5 59. Rd1 Re5 60. h4 Kf6 61. Rd3 g5 62. hxg5+ Kxg5 63. Rh3 h4 64. Rf3 Re7 65. Rd3 Rh7 66. Rh3 Kf6 67. g3 fxg3 68. fxg3 Kg5 69. gxh4+ Rxh4 70. Rxh4 Kxh4 71. Kg2 Kg5 72. Kf3 Kf5 73. Bd3+ Ke5 1/2-1/2

[Event "VIII Iberoamericano Mexico 2022"]
[Site "Mexico City"]
[Date "2022.02.17"]
[Round "6.43"]
[White "Ruiz Perez, Juan Octavio"]
[Black "Mares Arellano, Juan Antoni"]
[Result "1/2-1/2"]
[ECO "B42"]
[WhiteElo "2074"]
[BlackElo "1812"]
[Annotator "NA"]
[PlyCount "110"]
[EventDate "2022.02.12"]
[EventType "swiss"]
[EventCountry "MEX"]
[SourceTitle "playchess.com"]
[Source "ChessBase"]
[SourceQuality "1"]
[TimeControl "5400+30"]

1. e4 c5 2. Nf3 a6 3. d4 cxd4 4. Nxd4 e6 5. Bd3 b6 6. Qe2 Bb7 7. Nc3 d6 8. Bd2 Nd7 9. O-O-O Ne7 10. f4 Nc5 11. Kb1 Nc6 12. Nxc6 Bxc6 13. f5 e5 14. Bc4 b5 15. Bd5 Rc8 16. Bxc6+ Rxc6 17. Nd5 Be7 18. Rhf1 Bf6 19. Rf3 h6 20. Rc3 Rc8 21. Nxf6+ gxf6 22. Rh3 Na4 23. Bb4 Nc5 24. Rc3 Qb6 25. Rd5 Ke7 26. Qe3 Rhd8 27. Ra3 Rd7 28. Rad3 a5 29. Be1 Qd8 30. Rd1 b4 31. Bh4 Qh8 32. g4 Rc6 33. Qe2 Rb7 34. Bf2 Na4 35. Qd3 Qd8 36. Ka1 Qc7 37. Rc1 Nc5 38. Bxc5 Rxc5 39. Rxc5 Qxc5 40. Kb1 a4 41. Qd2 a3 42. Qd5 Qa7 43. Rd1 Qa6 44. b3 Qb6 45. h4 Rc7 46. g5 hxg5 47. hxg5 fxg5 48. Qd2 Qc6 49. Qxg5+ Kd7 50. Qd2 Ke7 51. Qg5+ Kd7 52. Qd2 Ke7 53. Qg5+ Kd7 54. Qd2 Ke7 55. Qg5+ Kd7 1/2-1/2

[Event "VIII Iberoamericano Mexico 2022"]
[Site "Mexico City"]
[Date "2022.02.17"]
[Round "6.44"]
[White "Fernandez Pozas, Pablo Antonio"]
[Black "Hernandez Diaz, Paula Sofia"]
[Result "1-0"]
[ECO "D34"]
[WhiteElo "2072"]
[BlackElo "1762"]
[Annotator "NA"]
[PlyCount "107"]
[EventDate "2022.02.12"]
[EventType "swiss"]
[EventCountry "MEX"]
[SourceTitle "playchess.com"]
[Source "ChessBase"]
[SourceQuality "1"]
[TimeControl "5400+30"]

1. d4 d5 2. c4 e6 3. Nc3 c5 4. cxd5 exd5 5. Nf3 Nc6 6. g3 Nf6 7. Bg2 Be7 8. O-O O-O 9. Bg5 Be6 10. Rc1 cxd4 11. Nxd4 Nxd4 12. Qxd4 Qa5 13. h3 Rfd8 14. Rfd1 h6 15. Be3 b6 16. Qf4 Rac8 17. Bd4 Bd6 18. Qd2 Be7 19. a3 Ne8 20. Ra1 Bf6 21. e3 Bxd4 22. Qxd4 Nf6 23. Rd2 Qc5 24. Qxc5 bxc5 25. Rad1 Kf8 26. Nxd5 Nxd5 27. g4 Ke7 28. Bxd5 Bxd5 29. Rxd5 Rxd5 30. Rxd5 Ke6 31. e4 Rc7 32. Kg2 c4 33. Ra5 Rb7 34. Rc5 Rxb2 35. Rxc4 Rb3 36. Ra4 Rb7 37. Ra5 Kd6 38. Kg3 Kc6 39. Kf4 Kb6 40. Rd5 Rc7 41. a4 a5 42. Ke5 Re7+ 43. Kd4 Rc7 44. Rd6+ Kb7 45. f4 Ka7 46. e5 Kb7 47. f5 Re7 48. Kd5 Kc7 49. e6 fxe6+ 50. fxe6 g6 51. Ra6 Kb7 52. Rxa5 Kb6 53. Rb5+ Ka6 54. Kd6 1-0